 Dungeon Crawl Stone Soup version 0.25.1-2-g60ff931df9 (webtiles) character file.

Game seed: 11306462816864259042

116 Elvor the Skirmisher (level 4, 0/41 HPs)
             Began as a Minotaur Fighter on Aug 23, 2020.
             Succumbed to an orc's poison
             ... on level 3 of the Dungeon.
             The game lasted 00:10:10 (1251 turns).

Elvor the Skirmisher (Minotaur Fighter)             Turns: 1251, Time: 00:10:11

Health: 0/41       AC: 11    Str: 22    XL:     4   Next: 69%
Magic:  3/3        EV:  6    Int:  5    God:
Gold:   62         SH:  9    Dex:  9    Spells: 3/3 levels left

rFire    + + .     SeeInvis .   a - +0 flail
rCold    . . .     Gourm    .   c - +0 kite shield
rNeg     . . .     Faith    .   m - +1 chain mail {rF+}
rPois    .         Spirit   .   (helmet restricted)
rElec    .         Reflect  .   (no cloak)
rCorr    .         Harm     .   g - +0 pair of gloves
MR       .....                  (no boots)
Stlth    ..........             (no amulet)
HPRegen  0.13/turn              i - ring of protection from fire
MPRegen  0.08/turn              (no ring)

@: lethally poisoned (0 -> -2)
A: retaliatory headbutt, horns 2
a: no special abilities


You were on level 3 of the Dungeon.
You were not hungry.

You visited 1 branch of the dungeon, and saw 3 of its levels.

You collected 62 gold pieces.

Inventory:

Hand Weapons
 a - a +0 flail (weapon)
 r - a cursed +0 short sword
Missiles
 n - 6 boomerangs of dispersal (quivered)
Armour
 c - a +0 kite shield (worn)
 g - a +0 pair of gloves (worn)
 m - a +1 chain mail of fire resistance (worn)
Jewellery
 i - a ring of protection from fire (left hand)
Scrolls
 e - a scroll of teleportation
 j - a scroll of blinking {unknown}
 k - a scroll of remove curse {unknown}
 p - a scroll of random uselessness {unknown}
 q - a scroll of identify
Potions
 d - a potion of might
Comestibles
 f - 5 rations
 s - 3 chunks of flesh


   Skills:
 * Level 4.8 Fighting
 + Level 3.5 Maces & Flails
 + Level 4.1 Armour
 + Level 1.9 Dodging
 + Level 4.1 Shields


You had 3 spell levels left.
You didn't know any spells.
Your spell library was empty.

Dungeon Overview and Level Annotations

Branches:
Dungeon (3/15)

Altars:
Gozag


Innate Abilities, Weirdness & Mutations

You reflexively headbutt those who attack you in melee.
You have a pair of horns on your head.


Message History

You feel sick.
Things that are here:
a +0 whip of venom; a +0 scale mail Your extra speed is starting to run out.
* * * LOW HITPOINT WARNING * * *
You feel sick.
You see here 6 gold pieces.
You now have 62 gold pieces (gained 6).
* * * LOW HITPOINT WARNING * * *
You feel sick.
You feel yourself slow down.
* * * LOW HITPOINT WARNING * * *
You feel sick.
* * * LOW HITPOINT WARNING * * *
You feel sick.
A bat and a hobgoblin come into view.
The hobgoblin shouts!
You hear a shout!
You hit the bat.
You kill the bat!
You die...

#.###.# #.# #..###.#)# #.#
#.# ##.####..##.....
##########.# #.#
#.†.............
...........# #.#
#..###..........
############ #.#
#..###..#####... .# #..
........# #... #.#
#####.......# #...
#.###############.......#
#.#.
##..)..........@........#
#.#.
##.#.##############†......
#.##.# ....### .###.#
.#.## ####.# g#.# .....#
.# # ###### .# ... .# ####


There were no monsters in sight!

Vanquished Creatures
  Jessica (D:3)
  Terence (D:2)
  An ooze (D:1)
  A worm (D:2)
  A dart slug (D:1)
  A leopard gecko (D:1)
  An orc (D:3)
  3 giant cockroaches
  8 goblins
  10 hobgoblins
  4 kobolds
  3 ball pythons (D:1)
  7 bats
  4 frilled lizards
  A quokka skeleton (D:3)
  6 rats
53 creatures vanquished.

Notes
Turn   | Place    | Note
-------+----------+-------------------------------------------
     0 | D:1      | Elvor the Minotaur Fighter began the quest for the Orb.
     0 | D:1      | Reached XP level 1. HP: 19/19 MP: 0/0
   197 | D:1      | Reached XP level 2. HP: 27/27 MP: 1/1
   516 | D:1      | Reached XP level 3. HP: 34/34 MP: 2/2
   794 | D:2      | Noticed Terence
   806 | D:2      | Killed Terence
   806 | D:2      | Reached XP level 4. HP: 40/41 MP: 3/3
   855 | D:2      | Found an opulent altar of Gozag.
  1120 | D:3      | Noticed Jessica
  1124 | D:3      | Killed Jessica
  1124 | D:3      | Reached skill level 1 in Dodging
  1240 | D:3      | HP: 2/41 [poisoned by an orc]
  1247 | D:3      | HP: 1/41 [poisoned by an orc]
  1251 | D:3      | Succumbed to an orc's poison

Illustrated notes

Levels and vault maps discovered:
D:1:      dpeg_arrival_rooms_with_view, layout_basic, grunt_decor_arrowhead
D:2:      layout_rooms, old_standard_altar, uniq_terence
D:3:      layout_loops_ring, ashenzari_altar_1, biasface_ghost_orc_armoury,
          uniq_jessica

Skill      XL: |  1  2  3  4 |
---------------+-------------+-----
Fighting       | 4 |  4.8
Armour         | 4 |  4.1
Maces & Flails | 3 |  3.5
Shields        | 4 |  4.1
Dodging        | 1 |  1.9

Action                   |  1- 3 |  4- 6 || total
-------------------------+-------+-------++-------
Melee: Flail             |    71 |    44 ||   115
       Headbutt          |     9 |     8 ||    17
  Use: Potion            |       |     4 ||     4
       Scroll            |       |     1 ||     1
  Eat: Chunk             |       |     1 ||     1
Armor: Scale mail        |    33 |     1 ||    34
       Chain mail        |       |    18 ||    18
       Skin              |       |     1 ||     1
Dodge: Dodged            |    34 |     6 ||    40
Block: Kite shield       |    41 |    21 ||    62
